 Dungeon Crawl Stone Soup version 0.31-a0-1008-g5b978dac0e (webtiles) character file.

Game seed: 15430274116452768358

252 Amplified the Covered (level 6, 0/53 HPs)
             Began as a Meteoran Fighter on Nov 12, 2023.
             Succumbed to an orc wizard's poison
             ... on level 4 of the Dungeon.
             The game lasted 00:04:34 (1224 turns).

Amplified the Covered (Meteoran Fighter)            Turns: 1224, Time: 00:04:34

Health: 0/53       AC:  7    Str: 19    XL:     6   Next: 64%
Magic:  7/7        EV: 10    Int: 11    God:
Gold:   73         SH:  5    Dex: 13    Spells: 5/5 levels left

rFire   . . .        a - +0 war axe
rCold   . . .        c - +0 buckler
rNeg    . . .        e - +0 ring mail
rPois   .            (no helmet)
rElec   .            i - +0 cloak
rCorr   .            (no gloves)
SInv    .            (no boots)
Will    .....        g - amulet of magic regeneration
Stlth   +            (no ring)
HPRegen 0.28/turn    (no ring)
MPRegen 0.50/turn

%: no passive effects
@: lethally poisoned (0 -> -3), attractive, glowing
A: sense surroundings 1, otherworldly, glowing, explore regen
a: no special abilities


You were on level 4 of the Dungeon.
You visited 1 branch of the dungeon, and saw 4 of its levels.

You collected 93 gold pieces.
You spent 20 gold pieces at shops.

Inventory:

Hand Weapons
 a - a +0 war axe (weapon)
 k - a +0 dagger of venom
Armour
 b - a +0 scale mail
 c - a +0 buckler (worn)
 d - a +0 helmet
 e - a +0 ring mail (worn)
 i - a +0 cloak (worn)
 j - a +0 helmet
Jewellery
 g - an amulet of magic regeneration (around neck)
Wands
 f - a wand of roots (13)
Scrolls
 h - a scroll of vulnerability


   Skills:
 * Level 4.5 Fighting
 * Level 4.1 Axes
 * Level 4.5 Armour
 * Level 4.4 Shields
 * Level 1.8 Evocations


You had 5 spell levels left.
You didn't know any spells.
Your spell library was empty.

Dungeon Overview and Level Annotations

Branches:
Dungeon (4/15) Zot: 1097
 Temple: D:4-7

Altars:

Shops:
D:2 *


Innate Abilities, Weirdness & Mutations

You passively map a small area around you.
You are easily found by Zot.
You glow in the dark.
You regain HP and MP as you explore.


Message History

You feel very sick.
The orc wizard hits you with a +0 dagger of venom.
You are lethally poisoned!
Unknown command.
Aiming: Fastroot
Press: ? - help, Shift-Dir - straight line The roots erupt in riotous growth!
Roots grab the orc wizard.
The grasping roots constrict the orc wizard.
You kill the orc wizard!
* * * LOW HITPOINT WARNING * * *
You feel very sick.
Unknown command.
It was a potion of attraction.
You feel attractive to monsters.
* * * LOW HITPOINT WARNING * * *
You feel very sick.
* * * LOW HITPOINT WARNING * * *
You feel very sick.
Things that are here:
a +0 dagger of venom; a +0 robe
k - a +0 dagger of venom
* * * LOW HITPOINT WARNING * * *
You feel sick.
Okay, then.
Okay, then.
Okay, then.
You aren't carrying any potions.
Unknown command.
Okay, then.
Okay, then.
There is a lethal amount of poison in your body!
* * * LOW HITPOINT WARNING * * *
You feel sick.
* * * LOW HITPOINT WARNING * * *
You feel sick.
* * * LOW HITPOINT WARNING * * *
You feel sick.
Unknown command.
You die...

#.##........#...####.###
#.##.##.###.#..<{WoO...#
#.......# #.#...####.#.#
####.#### #....## #.#.#
#)### ###### #..,. #...#
###.# ###)# ** * ..
#####.### ,, , .#
#.....@.##, , , .
#........# * #..##.#..#,
.# #..#..#..# ..
#..#.##..# , # #.
#..#.##..# , * .##.
#..>.....# ** ...
####.###### #### #. #.#
#.. ..# #.


There were no monsters in sight!

Vanquished Creatures
  An orc priest (D:4)
  A hound (D:4)
  An iguana (D:2)
  2 orc wizards (D:4)
  Robin (D:3)
  2 adders
  12 orcs
  10 endoplasms
  2 giant cockroaches
  12 goblins
  8 hobgoblins
  4 kobolds
  3 quokkas
  7 ball pythons
  6 bats
  2 frilled lizards (D:1)
  5 rats
79 creatures vanquished.

Notes
Turn   | Place    | Note
-------+----------+-------------------------------------------
     0 | D:1      | Amplified the Meteoran Fighter began the quest for the Orb.
     0 | D:1      | Reached XP level 1. HP: 19/19 MP: 2/2
     6 | D:1      | Noticed a seven-headed hydra
     6 | D:1      | Noticed a lindwurm
     6 | D:1      | Noticed a black bear
     6 | D:1      | Noticed a wolf
    43 | D:1      | Reached XP level 2. HP: 26/26 MP: 3/3
   204 | D:1      | Reached XP level 3. HP: 31/31 MP: 4/4
   442 | D:2      | Found Bejirocweff's Assorted Antiques.
   451 | D:2      | Reached XP level 4. HP: 28/40 MP: 5/5
   496 | D:2      | Bought a scroll labelled APOZEY ULURHE for 20 gold pieces
   818 | D:2      | Reached XP level 5. HP: 44/46 MP: 6/6
   906 | D:4      | Noticed a phantom
   908 | D:4      | Noticed an ogre
  1084 | D:4      | Reached skill level 1 in Evocations
  1094 | D:4      | Reached XP level 6. HP: 40/53 MP: 7/7
  1103 | D:3      | Noticed Robin
  1111 | D:3      | Killed Robin
  1221 | D:4      | HP: 2/53 [poisoned by an orc wizard]
  1224 | D:4      | Succumbed to an orc wizard's poison

Illustrated notes

Levels and vault maps discovered:
D:1:      onia_arrival_zoo_common, layout_basic
D:2:      layout_loops_cross, serial_shops, nicolae_shop_tiny_real_fake_doors,
          minmay_misc_feat_ornament, moated_statue
D:3:      layout_rooms, uniq_robin
D:4:      layout_loops_cross, dk_xom_monty_hall

Skill      XL: |  1  2  3  4  5  6 |
---------------+-------------------+-----
Axes           | 3 4 |  4.1
Fighting       | 4 |  4.5
Armour         | 4 |  4.5
Shields        | 4 |  4.4
Evocations     | 1 |  1.8

Action                     |  1- 3 |  4- 6 || total
---------------------------+-------+-------++-------
  Melee: War axe           |    85 |   125 ||   210
  Evoke: Wand              |       |     1 ||     1
    Use: Scroll            |     2 |     4 ||     6
         Potion            |       |     3 ||     3
 Armour: Scale mail        |    58 |     4 ||    62
         Ring mail         |       |   112 ||   112
  Dodge: Dodged            |    42 |    87 ||   129
  Block: Buckler           |    22 |    32 ||    54

Table legend: (Time is in decaauts)
 A = Elapsed time spent in this place.
 B = Non-inter-level travel time spent in this place.
 C = Inter-level travel time spent in this place.
 D = Time resting spent in this place.
 E = Time spent auto-exploring this place.
 F = Levels seen in this place.
 G = Mean time per level.
                   A        B        C        D        E       F      G
               +--------+--------+--------+--------+--------+-----+--------+
         Total |   1302 |   1197 |    105 |     36 |    227 |   4 |  325.5 |
       Dungeon |   1302 |   1197 |    105 |     36 |    227 |   4 |  325.5 |
               +--------+--------+--------+--------+--------+-----+--------+

Top non-repeatable levels by time:
     D:2: 534 daAuts
     D:1: 336 daAuts
     D:4: 334 daAuts
     D:3: 97 daAuts
